 Dungeon Crawl Stone Soup version 0.20-a0-1122-gb7cbeb9 (webtiles) character file.

3694 MatthieuS the Grappler (level 9, -19/88 HPs)
             Began as a Troll Transmuter on May 11, 2017.
             Was a Priest of Okawaru.
             Demolished by a guardian serpent (23 damage)
             ... on level 9 of the Dungeon.
             The game lasted 00:29:58 (7523 turns).

MatthieuS the Grappler (Troll Transmuter)           Turns: 7523, Time: 00:29:59

Health: -19/88     AC:  2    Str: 20    XL:     9   Next: 90%
Magic:  12/14      EV: 21    Int: 11    God:    Okawaru [***...]
Gold:   375        SH:  0    Dex: 16    Spells: 6/16 levels left

rFire    . . .     SeeInvis .     - Unarmed
rCold    . . .     Gourm    +   (shield currently unavailable)
rNeg     + . .     Faith    .   (armour currently unavailable)
rPois    x         Spirit   .   (helmet currently unavailable)
rElec    .         Reflect  .   (cloak currently unavailable)
rCorr    .         Harm     .   (gloves unavailable)
MR       .....                  (boots unavailable)
Stlth    +.........             (no amulet)
Regen    0.7/turn               q - ring of positive energy
MPRegen  0.2/turn               D - +2 ring of evasion

@: lethally poisoned (-19 -> -19), spider-form, slowed, very slow
A: unfitting armour, fast metabolism 3, gourmand, regeneration 1
a: End Transformation, Heroism, Renounce Religion


You were on level 9 of the Dungeon.
You worshipped Okawaru.
Okawaru was most pleased with you.
You were completely stuffed.
You were a venomous arachnid creature.
You visited 2 branches of the dungeon, and saw 10 of its levels.
You also visited: Sewer.

You collected 375 gold pieces.

Inventory:

Hand Weapons
 l - a +1 blowgun
Missiles
 a - 214 arrows
 o - 8 curare-tipped needles
Armour
 b - a +1 robe (melded)
 E - a +0 cloak (melded)
Jewellery
 g - an uncursed ring of protection from cold
 q - a ring of positive energy (left front leg)
 D - a +2 ring of evasion (right front leg)
Wands
 e - a wand of paralysis (0/24)
 v - a wand of random effects (7/48)
Scrolls
 n - 3 scrolls of magic mapping
 w - a scroll of recharging
 y - 2 scrolls of enchant armour
 C - a scroll of blinking
 G - 2 scrolls of identify
 H - 5 scrolls of teleportation
 I - a scroll of silence {unknown}
 K - 2 scrolls of remove curse
 L - a scroll of fear {unknown}
 M - a scroll of fog
Potions
 f - a potion of heal wounds
 h - a potion of invisibility
 k - 5 potions of haste
 m - 3 potions of berserk rage
 p - 5 potions of curing
 r - 5 potions of flight
 s - a potion of ambrosia {unknown}
 t - 2 potions of agility
 u - 3 potions of brilliance
 x - 2 potions of lignification
 A - a potion of cancellation {unknown}
 J - 2 potions of degeneration {unknown}
Books
 c - a book of Changes

   Spells                             Type                      Level
   a - Beastly Appendage              Transmutation                1
   b - Sticks to Snakes               Transmutation                2
   c - Spider Form                    Transmutation/Poison         3
   d - Ice Form                       Ice/Transmutation            4
   e - Blade Hands                    Transmutation                5
 z - a book of Minor Magic

   Spells                             Type                      Level
   a - Magic Dart                     Conjuration                  1
   b - Blink                          Translocation                2
   c - Call Imp                       Summoning                    2
   d - Slow                           Hexes                        2
   e - Conjure Flame                  Conjuration/Fire             3
   f - Mephitic Cloud                 Conjuration/Poison/Air       3
Miscellaneous
 N - a box of beasts
Comestibles
 d - 7 bread rations
 i - 2 royal jellies
 j - 4 chunks of flesh
 B - 4 fruits
 F - 2 meat rations


   Skills:
 + Level 5.2 Fighting
 - Level 1.5 Dodging
 + Level 8.0 Unarmed Combat
 - Level 4.1 Spellcasting
 - Level 6.4 Transmutations


You had 6 spell levels left.
You knew the following spells:

 Your Spells              Type           Power        Failure   Level  Hunger
a - Beastly Appendage     Tmut           ###...       7%          1    #......
b - Spider Form           Tmut/Pois      #.........   38%         3    ###....
c - Sticks to Snakes      Tmut           ###.....     10%         2    ##.....
d - Ice Form              Ice/Tmut       #.......     73%         4    #####..


Dungeon Overview and Level Annotations

Branches:
Dungeon (9/15)             Temple (1/1) D:5
   Lair: D:8-11         Orc: D:9-12

Altars:
Ashenzari
Cheibriados
Dithmenos
Elyvilon
Fedhas
Gozag
Hepliaklqana
Kikubaaqudgha
Makhleb
Nemelex Xobeh
Okawaru
Qazlal
Ru
Sif Muna
Trog
Uskayaw
Vehumet
Wu Jian
Xom
Yredelemnul
Zin
The Shining One

Shops:
D:7 :

Annotations:
D:6 Prince Ribbit


Innate Abilities, Weirdness & Mutations

You are too large for most types of armour.
((You have claws for hands.))
Your metabolism is lightning-fast.
You like to eat raw meat.
Your natural rate of healing is unusually fast.
((You are covered in fur. (AC +1)))
((You have very tough skin. (AC +2)))


Message History

The guardian serpent is severely wounded.
You feel sick.
The guardian serpent completely misses you.
You closely miss the guardian serpent.
The guardian serpent is severely wounded.
The guardian serpent hits you!
* * * LOW HITPOINT WARNING * * *
The guardian serpent closely misses you.
You bite the guardian serpent!
The guardian serpent is almost dead.
You feel sick.
The guardian serpent closely misses you.
You barely miss the guardian serpent.
The guardian serpent is almost dead.
The guardian serpent coils itself and waves its upper body at you.
You feel yourself slow down.
You completely miss the guardian serpent.
The guardian serpent is almost dead.
You feel sick. The guardian serpent hits you!!
You die...

...................#
...............)...#
...............<)..#
#######...##########
#...# #...#
########...# #
...........##..+
........>.sS...#
#############..# .#
.


You could see a guardian serpent.

Vanquished Creatures
  Pikel (D:7)
  A kobold demonologist (D:8)
  Grinder (D:5)
  A hippogriff (D:8)
  Duvessa (D:6)
  2 sky beasts (D:5)
  2 phantoms (D:7)
  4 ogres
  A centaur (D:7)
  A bullfrog (D:5)
  A big kobold (Sewer)
  Dowan (D:6)
  4 scorpions
  4 killer bees
  A howler monkey (D:6)
  3 crimson imps
  A quasit (D:7)
  A centaur skeleton (D:6)
  2 hounds
  5 orc priests
  2 bullfrog skeletons
  Crazy Yiuf (D:7)
  5 orc wizards
  2 iguanas
  7 worker ants
  A killer bee zombie (D:8)
  The ghost of MatthieuS the Ruffian, a weakling TrTm (D:4)
  A hound skeleton (D:4)
  A worker ant zombie (D:6)
  3 gnolls
  9 adders
  A river rat (D:4)
  4 shadow imps
  An ooze (D:1)
  2 adder skeletons
  4 worms
  4 dart slugs
  2 leopard geckos
  32 orcs
  7 giant cockroaches
  5 goblins
  5 hobgoblins
  4 jackals
  10 kobolds
  A quokka (D:7)
  3 ball pythons
  7 bats
  7 frilled lizards
  A giant cockroach zombie (D:6)
  A leopard gecko skeleton (D:3)
  A leopard gecko zombie (D:6)
  10 rats
183 creatures vanquished.

Vanquished Creatures (collateral kills)
  An orc (D:8)
1 creature vanquished.

Vanquished Creatures (others)
  A slave (D:7)
  2 crimson imps (D:7)
  A hound (D:7)
  3 orcs (D:7)
7 creatures vanquished.

Grand Total: 191 creatures vanquished

Notes
Turn   | Place    | Note
-------+----------+-------------------------------------------
     0 | D:1      | MatthieuS the Troll Transmuter began the quest for the Orb.
     0 | D:1      | Reached XP level 1. HP: 18/18 MP: 1/1
    41 | D:1      | Reached skill level 1 in Fighting
    71 | D:1      | Reached XP level 2. HP: 19/27 MP: 2/2
   756 | D:2      | Reached skill level 4 in Unarmed Combat
   756 | D:2      | Reached XP level 3. HP: 31/33 MP: 3/3
  1269 | D:2      | Learned a level 3 spell: Spider Form
  1925 | D:3      | Reached XP level 4. HP: 40/41 MP: 4/4
  2584 | D:3      | Reached XP level 5. HP: 48/49 MP: 5/5
  3047 | D:4      | Reached skill level 5 in Unarmed Combat
  3301 | D:4      | Noticed MatthieuS's ghost (weakling TrTm)
  3303 | D:4      | Found a glowing drain.
  3314 | D:4      | Killed MatthieuS's ghost
  3314 | D:4      | Reached XP level 6. HP: 20/59 MP: 6/6
  3330 | Sewer    | Entered a sewer
  3453 | Sewer    | Reached skill level 6 in Unarmed Combat
  3541 | Sewer    | Found a white marble altar of Elyvilon.
  3922 | D:4      | Reached XP level 7. HP: 66/66 MP: 9/9
  4130 | D:5      | Entered Level 5 of the Dungeon
  4212 | D:5      | Noticed Grinder
  4223 | D:5      | Killed Grinder
  4330 | D:5      | Found a basalt altar of Yredelemnul.
  4522 | D:5      | Found a staircase to the Ecumenical Temple.
  4546 | Temple   | Entered the Ecumenical Temple
  4797 | Temple   | Became a worshipper of Warmaster Okawaru
  5028 | D:5      | Reached XP level 8. HP: 74/74 MP: 13/13
  5148 | D:5      | Learned a level 2 spell: Sticks to Snakes
  5480 | D:6      | Found a shattered altar of Ashenzari.
  5484 | D:6      | Saw a vision of the Shoals and the Spider Nest.
  5484 | D:6      | Noticed a wolf spider
  5484 | D:6      | Noticed a hornet
  5484 | D:6      | Noticed a hippogriff
  5484 | D:6      | Noticed a hippogriff
  5484 | D:6      | Noticed a hippogriff
  5484 | D:6      | Noticed a merfolk
  5530 | D:6      | Noticed Duvessa
  5530 | D:6      | Noticed Dowan
  5532 | D:6      | Noticed Prince Ribbit
  5554 | D:7      | Found a white marble altar of Elyvilon.
  5570 | D:7      | Reached * piety under Okawaru
  5762 | D:7      | Found Wiuphacvig's Book Emporium.
  5824 | D:7      | Reached skill level 5 in Transmutations
  5912 | D:7      | Noticed Pikel
  5932 | D:7      | Killed Pikel
  5932 | D:7      | Reached ** piety under Okawaru
  5932 | D:7      | Reached XP level 9. HP: 31/80 MP: 12/14
  6041 | D:7      | Learned a level 4 spell: Ice Form
  6055 | D:6      | Killed Duvessa
  6058 | D:6      | Killed Dowan
  6114 | D:7      | Found a runed door.
  6119 | D:7      | Noticed Crazy Yiuf
  6125 | D:7      | Killed Crazy Yiuf
  6409 | D:8      | Found a stormy altar of Qazlal.
  6427 | D:8      | Got a bloodstained short sword
  6428 | D:8      | Identified the +5 short sword "Giant's Funeral" {flame, rF+ Dex+4} (You found it on level 8 of the Dungeon)
  6787 | D:8      | Reached skill level 7 in Unarmed Combat
  7046 | D:8      | Noticed a kobold demonologist
  7066 | D:8      | Killed a kobold demonologist
  7096 | D:8      | Reached *** piety under Okawaru
  7096 | D:8      | Reached skill level 5 in Fighting
  7272 | D:8      | Reached skill level 8 in Unarmed Combat
  7510 | D:9      | Noticed a guardian serpent
  7520 | D:9      | HP: 4/88 [guardian serpent (9)]
  7523 | D:9      | Demolished by a guardian serpent

Vault maps used:
D:1:      onia_arrival_larder
D:2:      minivault_27, kennysheep_crisscross, minivault_27
D:3:      grunt_ministairs_10, dk_noncrumbling_4
D:4:      cheibrodos_sewer_entry_sluice
D:5:      yredelemnul_altar_generic, minmay_temple_entry_grid, first_bread,
          uniq_grinder
D:6:      minmay_statues_item, grunt_ashenzari_visionary, uniq_duvessa,
          uniq_prince_ribbit1
D:7:      serial_shops, nicolae_shop_crystal, elyvilon_altar_3, uniq_pikel,
          uniq_crazy_yiuf_cottage
D:8:      kennysheep_big_flooded_room, erik_lair_dragon, basic_altar
D:9:      nrook_guardian_serpent_snake_passage, special_room, serial_shops,
          kennysheep_little_box, uniq_psyche, uniq_erolcha
Temple:   minmay_crystal_snake_temple
Sewer:    sewer_kobolds

Skill      XL: |  1  2  3  4  5  6  7  8  9 |
---------------+----------------------------+-----
Fighting       | 1 2 5 |  5.2
Unarmed Combat | 4 5 6 8 |  8.0
Transmutations | 2 6 |  6.4
Spellcasting   | 2 4 |  4.1
Dodging        | |  1.5

Action                   |  1- 3 |  4- 6 |  7- 9 || total
-------------------------+-------+-------+-------++-------
Melee: Unarmed           |   113 |   234 |   388 ||   735
       Punch             |       |     4 |     4 ||     8
 Cast: Spider Form       |       |       |    12 ||    12
       Sticks to Snakes  |       |       |     8 ||     8
Evoke: Wand              |       |     2 |     4 ||     6
  Use: Scroll            |     5 |     5 |     9 ||    19
       Potion            |       |     5 |       ||     5
 Stab: Paralysed         |       |     9 |     8 ||    17
  Eat: Chunk             |    23 |    15 |    39 ||    77
Armor: Robe              |    51 |    75 |    96 ||   222
       Skin              |       |       |     4 ||     4
Dodge: Dodged            |    61 |    98 |   301 ||   460
